 Dungeon Crawl Stone Soup version 0.15-a0-35-ga771cbd (webtiles) character file.

23575 4tharraofdagon the Arsonist (level 12, -1/59 HPs)
             Began as a Deep Elf Fire Elementalist on Apr 1, 2014.
             Was a High Priest of Vehumet.
             Slain by a worker ant (2 damage)
             ... on Level 7 of the Lair of Beasts on Apr 2, 2014.
             The game lasted 00:46:25 (5150 turns).

4tharraofdagon the Arsonist (DEFE)                  Turns: 5150, Time: 00:46:25

HP  -1/59        AC  4     Str 10      XL: 12   Next: 67%
MP   5/35        EV 12     Int 26      God: Vehumet [*****.]
Gold 640         SH 10     Dex 15      Spells:  5 memorised, 16 levels left

rFire  + . .     SeeInvis .     x - +7,+2 war axe "Ehit" {flame, rF+}
rCold  . . .     Clarity  +     N - +1 robe
rNeg   . . .     Conserve .     B - +0 buckler
rPois  +         rCorr    .     M - +0 hat
rElec  .         rRot     .     v - +0 cloak
SustAb . .       Spirit   .     (no gloves)
rMut   +         Warding  .     (no boots)
Saprov . . .     Stasis   .     K - amulet of Mughy {rMut Str+3}
MR     +....                    (no ring)
                                y - ring of poison resistance

@: somewhat resistant to hostile enchantments, fairly stealthy
A: claws 1, clarity, strong 1
a: Renounce Religion


You were on level 7 of the Lair of Beasts.
You worshipped Vehumet.
Vehumet was extremely pleased with you.
You were not hungry.

You visited 3 branches of the dungeon, and saw 19 of its levels.

You collected 640 gold pieces.

Inventory:

Hand weapons
 x - the +7,+2 war axe "Ehit" (weapon) {flame, rF+}
   (You found it on level 8 of the Lair of Beasts)

   It emits flame when wielded, causing extra injury to most foes and up to
   double damage against particularly susceptible opponents.
   Big, fiery blades are also staple armaments of hydra-hunters.
   It protects you from fire.
Missiles
 i - 2 steel tomahawks (quivered)
 s - 7 poisoned darts
Armour
 v - a +0 cloak (worn)
 B - a +0 buckler (worn)
 M - a +0 hat (worn)
 N - a +1 robe (worn)
Magical devices
 f - a wand of polymorph (15)
 u - a wand of disintegration (23)
 I - a wand of enslavement (7)
 R - a wand of frost (13)
Comestibles
 c - 4 bread rations
 k - a cheese
 o - 7 meat rations
 q - 2 chunks of giant frog flesh
Scrolls
 d - 2 scrolls of teleportation
 e - a scroll of enchant weapon I
 h - a scroll of noise {unknown}
 j - 3 scrolls of magic mapping {unknown}
 m - 2 scrolls of enchant armour {unknown}
 n - 3 scrolls of enchant weapon II {unknown}
 p - 5 scrolls of remove curse
 r - 3 scrolls of amnesia {unknown}
 t - 2 scrolls of random uselessness {unknown}
 L - 2 scrolls of identify
 Q - a scroll of immolation
Jewellery
 y - a ring of poison resistance (left claw)
 K - the amulet of Mughy (around neck) {rMut Str+3}
   (You found it on level 1 of the Lair of Beasts)

   [amulet of resist mutation]

   It affects your strength (+3).
Potions
 a - a potion of berserk rage
 l - 4 potions of curing
 z - a potion of might
 A - a potion of lignification {unknown}
 C - a potion of poison
 G - 2 potions of brilliance
 H - 2 potions of heal wounds
 J - a potion of haste
Books
 b - a book of Flames

   Spells                             Type                      Level
   *Flame Tongue                      Conjuration/Fire             1
   Throw Flame                        Conjuration/Fire             2
   *Conjure Flame                     Conjuration/Fire             3
   Inner Flame                        Hexes/Fire                   3
   *Sticky Flame                      Conjuration/Fire             4
   *Fireball                          Conjuration/Fire             5
Miscellaneous
 w - a phial of floods


   Skills:
 - Level 2.4 Dodging
 - Level 2.4 Stealth
 - Level 3.1 Shields
 + Level 12.5 Spellcasting
 * Level 14.3 Conjurations
 * Level 14.8 Fire Magic


You had 16 spell levels left.
You knew the following spells:

 Your Spells              Type           Power        Failure   Level  Hunger
a - Flame Tongue          Conj/Fire      #####        0%          1    None
b - Conjure Flame         Conj/Fire      #######.     1%          3    None
c - Sticky Flame          Conj/Fire      #######.     1%          4    None
d - Fireball              Conj/Fire      #######...   1%          5    ##.....
e - Spellforged Servitor  Conj/Summ      ######....   67%         7    ######.


Dungeon Overview and Level Annotations

Branches:
Dungeon (10/15)            Temple (1/1) D:5            Lair (8/8) D:10
  Snake (0/5) Lair:3        Slime (0/6) Lair:6
    Orc: D:9-12       Swamp: Lair:3-6    Shoals: Lair:3-6    Spider: Lair:3-6

Altars:
Ashenzari
Cheibriados
Dithmenos
Elyvilon
Fedhas
Kikubaaqudgha
Nemelex Xobeh
Sif Muna
Vehumet
Xom
Yredelemnul
Zin
The Shining One
Jiyva

Annotations:
D:9 4tharraofdagon's ghost, experienced TrMo
Lair:4 Nergalle


Innate Abilities, Weirdness & Mutations

You have sharp fingernails.
You possess an exceptional clarity of mind.
Your muscles are strong. (Str +2)


Message History

Confirm with ! or Enter, or press ? or * to list all spells!
Aiming: Fireball
Press: ? - help, Shift-Dir - straight line, f - giant slug
Aim: a giant slug The fireball explodes!!!
The fireball engulfs the giant slug!
The giant slug is heavily wounded!
The fireball engulfs the spiny frog!
The spiny frog is moderately wounded!
Unknown command!
There is a stone staircase leading up here!
Unknown command!
The spiny frog stings you!!!
* * * LOW HITPOINT WARNING * * *
You climb upwards!
A soldier ant comes into view!
The worker ant twitches its antennae in your direction!
The worker ant misses you! The worker ant bites you!
* * * LOW HITPOINT WARNING * * *
You block the worker ant's attack! The worker ant bites you!
You die!!!

##.a## ####ยง#..a.....
#....# ####.##..#.
#..%### ### ## ..
#######...###.## ##
#..#.......#...###.##
P.......)..........P#
...#P.....P..a....P.#
..f##...P......aa#.P#
f...#........../@..P#
............P...a####
....................#
....P......a.......###
#..#PP.....P....P....#
...##P.............###
..###..a..%f.P.#....#
..###.........#...a.###
..##..<......##....#..#


You could see 2 soldier ants and 4 worker ants.

Vanquished Creatures
  Gastronok (Lair:1)
  A hydra (Lair:3)
  Erica (Lair:2)
  The ghost of therealpatrickswayze the Basher, an experienced DsCK of Xom (Lair:2)
  A hill giant (D:10)
  3 black mambas
  14 spiny frogs
  The ghost of dragonhide the Cudgeler, an average CeGl (D:5)
  A wandering mushroom (Lair:8)
  2 komodo dragons
  12 blink frogs
  A spriggan (Lair:2)
  A wyvern (Lair:6)
  A grizzly bear (Lair:2)
  16 yaks
  3 wolves (Lair:2)
  4 vampire mosquitoes (Lair:8)
  A hippogriff (Lair:6)
  3 water moccasins
  A necrophage (D:8)
  5 soldier ants
  An ice beast (D:6)
  5 porcupines
  2 black bears
  A yellow wasp (Lair:3)
  3 phantoms
  A boring beetle (Lair:4)
  5 giant slugs
  7 crocodiles
  4 ogres
  15 giant frogs
  3 scorpions
  3 wights (D:8)
  3 killer bees (D:9)
  2 goliath beetles (D:7)
  A quasit (D:6)
  6 hounds
  A giant frog skeleton (D:8)
  Crazy Yiuf (D:3)
  An orc priest (D:6)
  A jelly (D:7)
  4 iguanas
  19 worker ants
  5 sheep (Lair:4)
  Jessica (D:2)
  4 gnolls (D:6)
  41 green rats
  A gnoll skeleton (D:6)
  3 shadow imps
  9 adders
  An orc zombie (D:7)
  An orc skeleton (D:8)
  A giant gecko (D:7)
  6 orcs
  7 bats
  A goblin (D:2)
  5 hobgoblins
  8 jackals
  6 kobolds
  4 quokkas
  2 giant cockroaches
  4 giant newts
  A giant spore (D:9)
  A kobold zombie (D:7)
  15 rats
  2 ballistomycetes (D:9)
  4 bushes
  6 fungi
  2 plants (Lair:8)
304 creatures vanquished.

Vanquished Creatures (others)
  An iguana (Lair:2)
  9 fungi (Lair:8)
  2 plants (Lair:8)
12 creatures vanquished.

Grand Total: 316 creatures vanquished

Notes
Turn   | Place    | Note
--------------------------------------------------------------
     0 | D:1      | 4tharraofdagon, the Deep Elf Fire Elementalist, began the quest for the Orb.
     0 | D:1      | Reached XP level 1. HP: 10/10 MP: 5/5
   228 | D:2      | Reached XP level 2. HP: 12/15 MP: 3/8
   312 | D:2      | Noticed Jessica
   316 | D:2      | Killed Jessica
   316 | D:2      | Reached skill level 4 in Fire Magic
   316 | D:2      | Reached XP level 3. HP: 16/19 MP: 6/11
   323 | D:2      | Learned a level 3 spell: Conjure Flame
   362 | D:3      | Noticed Crazy Yiuf
   365 | D:3      | Killed Crazy Yiuf
   391 | D:3      | Reached XP level 4. HP: 24/24 MP: 12/14
   441 | D:4      | Learned a level 4 spell: Sticky Flame
   490 | D:4      | Reached XP level 5. HP: 22/28 MP: 7/18
   519 | D:5      | Entered Level 5 of the Dungeon
   538 | D:5      | Noticed an ogre
   539 | D:5      | Noticed dragonhide's ghost (average CeGl)
   551 | D:5      | Killed dragonhide's ghost
   551 | D:5      | Reached skill level 5 in Fire Magic
   551 | D:5      | Reached XP level 6. HP: 24/32 MP: 6/20
   553 | D:5      | Killed an ogre
   553 | D:5      | Reached skill level 5 in Spellcasting
   553 | D:5      | Reached skill level 6 in Fire Magic
   560 | D:5      | Learned a level 5 spell: Fireball
   629 | D:5      | Reached skill level 5 in Conjurations
   629 | D:5      | Reached XP level 7. HP: 11/36 MP: 13/22
   633 | D:5      | Found a staircase to the Ecumenical Temple.
   638 | Temple   | Entered the Ecumenical Temple
   649 | Temple   | Became a worshipper of Vehumet
   716 | D:5      | Noticed a phantom
   821 | D:5      | Killed a phantom
  1003 | D:6      | Reached skill level 7 in Fire Magic
  1007 | D:6      | Acquired Vehumet's first power
  1007 | D:6      | Offered knowledge of Magic Dart by Vehumet.
  1080 | D:7      | Reached XP level 8. HP: 27/41 MP: 2/25
  1223 | D:6      | Found a shadowy altar of Dithmenos.
  1338 | D:6      | Found an ancient bone altar of Kikubaaqudgha.
  1338 | D:6      | Found a glowing golden altar of the Shining One.
  1360 | D:7      | Reached skill level 8 in Fire Magic
  1501 | D:8      | :D
  1552 | D:8      | Gained mutation: Your muscles are strong. (Str +2) [potion of mutation]
  1552 | D:8      | Gained mutation: You possess an exceptional clarity of mind. [potion of mutation]
  1552 | D:8      | Gained mutation: You have sharp fingernails. [potion of mutation]
  1556 | D:8      | Reached skill level 9 in Spellcasting
  1556 | D:8      | Reached skill level 10 in Conjurations
  1556 | D:8      | Reached skill level 11 in Fire Magic
  1556 | D:8      | Reached XP level 9. HP: 45/45 MP: 25/29
  1571 | D:8      | Found a shattered altar of Ashenzari.
  1630 | D:8      | Offered knowledge of Sandblast by Vehumet.
  1633 | D:8      | #1
  1669 | D:8      | Found a sparkling altar of Nemelex Xobeh.
  1710 | D:8      | Found a shimmering altar of Xom.
  1778 | D:9      | Noticed 4tharraofdagon's ghost (experienced TrMo)
  1874 | D:10     | Entered Level 10 of the Dungeon
  1877 | D:10     | Noticed a hill giant
  1888 | D:10     | Killed a hill giant
  1888 | D:10     | Reached skill level 10 in Spellcasting
  1888 | D:10     | Reached XP level 10. HP: 30/50 MP: 8/31
  1946 | D:9      | Paralysed by a giant eyeball for 3 turns
  1955 | D:10     | Found a staircase to the Lair.
  2051 | D:10     | Offered knowledge of Stone Arrow by Vehumet.
  2060 | Lair:1   | Entered Level 1 of the Lair of Beasts
  2065 | Lair:1   | #2
  2097 | Lair:1   | Reached skill level 12 in Fire Magic
  2102 | Lair:1   | Noticed a black mamba
  2147 | Lair:1   | Killed a black mamba
  2148 | Lair:1   | Acquired Vehumet's second power
  2173 | Lair:1   | Noticed a black mamba
  2216 | Lair:1   | Killed a black mamba
  2319 | Lair:1   | Offered knowledge of Fulminant Prism by Vehumet.
  2320 | Lair:1   | #3
  2379 | Lair:1   | Got a vibrating jade amulet
  2380 | Lair:1   | Identified the amulet of Mughy {rMut Str+3} (You found it on level 1 of the Lair of Beasts)
  2420 | Lair:1   | Noticed Gastronok
  2673 | Lair:1   | Killed Gastronok
  2673 | Lair:1   | Reached XP level 11. HP: 30/54 MP: 11/32
  2805 | Lair:2   | Noticed Erica
  2815 | Lair:2   | Killed Erica
  2881 | Lair:3   | Noticed a six-headed hydra
  2893 | Lair:2   | Noticed therealpatrickswayze's ghost (experienced DsCK)
  2951 | Lair:2   | Killed therealpatrickswayze's ghost
  2951 | Lair:2   | Reached skill level 13 in Fire Magic
  3228 | Lair:2   | Acquired Vehumet's third power
  3263 | Lair:2   | Offered knowledge of Olgreb's Toxic Radiance by Vehumet.
  3264 | Lair:2   | #4
  3380 | Lair:3   | Found a staircase to the Snake Pit.
  3530 | Lair:4   | Noticed Nergalle
  3582 | Lair:3   | Killed a six-headed hydra
  3582 | Lair:3   | Reached skill level 1 in Shields
  3810 | Lair:5   | Upgraded the game from 0.15-a0-33-ga435e27 to 0.15-a0-35-ga771cbd
  3998 | Lair:6   | Found a staircase to the Slime Pits.
  3998 | Lair:6   | Found a viscous altar of Jiyva.
  4140 | Lair:6   | Reached XP level 12. HP: 46/59 MP: 9/34
  4268 | Lair:6   | Offered knowledge of Spellforged Servitor by Vehumet.
  4285 | Lair:6   | Learned a level 7 spell: Spellforged Servitor
  4308 | Lair:6   | Reached skill level 14 in Fire Magic
  4511 | Lair:8   | Entered Level 8 of the Lair of Beasts
  4743 | Lair:8   | Got a warped war axe
  4744 | Lair:8   | Identified the +7,+2 war axe "Ehit" {flame, rF+} (You found it on level 8 of the Lair of Beasts)
  4948 | Lair:7   | Noticed a five-headed hydra
  5149 | Lair:8   | HP: 2/59 [spiny frog (12)]
  5150 | Lair:7   | Slain by a worker ant

Action                   |  1- 3 |  4- 6 |  7- 9 | 10-12 || total
-------------------------+-------+-------+-------+-------++-------
Melee: Glaive            |     4 |    14 |    40 |     9 ||    67
       Spear             |       |       |       |     7 ||     7
       Staff             |       |       |       |    25 ||    25
       War axe           |       |       |       |     8 ||     8
Throw: Tomahawk          |       |       |     2 |       ||     2
 Cast: Flame Tongue      |    19 |    21 |    84 |    69 ||   193
       Conjure Flame     |       |     2 |    14 |    16 ||    32
       Sticky Flame      |       |     2 |    20 |    62 ||    84
       Fireball          |       |       |     5 |   127 ||   132
Evoke: Wand              |     4 |       |     3 |     4 ||    11
  Use: Potion            |       |       |     4 |     5 ||     9
       Scroll            |       |       |     6 |    14 ||    20
 Stab: Sleeping          |       |       |     2 |       ||     2
